 Dungeon Crawl Stone Soup version 0.28-a0-1404-g4df0f3684d (webtiles) character file.

Game seed: 11583137586801927395

33 croobank the Skirmisher (level 3, -2/29 HPs)
             Began as a Demonspawn Abyssal Knight on Jan 6, 2022.
             Was a Follower of Lugonu.
             Slain by a worm (10 damage)
             ... on level 2 of the Dungeon.
             The game lasted 00:06:30 (1799 turns).

croobank the Skirmisher (Demonspawn Abyssal Knight) Turns: 1799, Time: 00:06:30

Health: -2/29      AC:  3    Str: 13    XL:     3   Next: 12%
Magic:  5/5        EV: 11    Int: 13    God:    Lugonu [*.....]
Gold:   41         SH:  0    Dex: 13    Spells: 1/2 levels left

rFire   . . .      SeeInvis .   a - +1 hand axe
rCold   . . .      Faith    .   (no shield)
rNeg    . . .      Spirit   .   b - +0 leather armour
rPois   .          Reflect  .   (no helmet)
rElec   .          Harm     .   (no cloak)
rCorr   .          Rampage  .   (no gloves)
Will    .....                   (no boots)
Stlth   +.........              (no amulet)
HPRegen 0.09/turn               (no ring)
MPRegen 0.09/turn               (no ring)

@: no status effects
A: hooves 1
a: Renounce Religion, Depart the Abyss


You were on level 2 of the Dungeon.
You worshipped Lugonu.
Lugonu was aware of your devotion.
You visited 1 branch of the dungeon, and saw 2 of its levels.
You visited the Abyss 1 time.

You collected 41 gold pieces.

Inventory:

Hand Weapons
 a - a +1 hand axe (weapon)
Missiles
 d - 28 sling bullets
 f - 35 bolts
Armour
 b - a +0 leather armour (worn)
 g - a +0 ring mail
Jewellery
 j - a +6 ring of dexterity
 k - a ring of willpower
Scrolls
 c - a scroll of vulnerability {unknown}
 e - 2 scrolls of noise
 h - 2 scrolls of teleportation {unknown}
 i - a scroll of magic mapping {unknown}


   Skills:
 + Level 3.2 Fighting
 + Level 2.1 Axes
 + Level 2.1 Armour
 + Level 1.4 Dodging
 + Level 3.0 Invocations


You had one spell level left.
You knew the following spells:

 Your Spells              Type           Power      Damage    Failure   Level
a - Magic Dart            Conj           0%         1d3       36%         1

Your spell library contained the following spells:

 Spells                   Type           Power      Damage    Failure   Level
 Searing Ray              Conj           0%         2d4       52%         2
 Portal Projectile        Hex/Tloc       0%         N/A       75%         3
 Fulminant Prism          Conj/Hex       0%         3d6       98%         4
 Blade Hands              Tmut           0%         N/A       100%        5
 Excruciating Wounds      Necr           0%         N/A       100%        5


Dungeon Overview and Level Annotations

Branches:
Dungeon (2/15)

Altars:

Shops:
D:1 =


Innate Abilities, Weirdness & Mutations

You have large cloven feet.


Message History

k - a ring of willpower
Found a stone staircase leading down.
You open the door.
There is an open door here.
You open the door. You open the door.
There is an open door here.
You open the door.
There is an open door here.
A worm comes into view.
The worm bites you!
You hit the worm but do no damage. You kick the worm.
The worm is moderately wounded.
The worm bites you.
You hit the worm.
The worm is moderately wounded.
You hit the worm but do no damage. You kick the worm.
The worm is heavily wounded.
The worm closely misses you.
You hit the worm.
The worm is heavily wounded.
The worm bites you.
You barely miss the worm. You kick the worm.
The worm is heavily wounded.
You hit the worm but do no damage.
The worm is heavily wounded.
The worm bites you but does no damage.
You hit the worm. You kick the worm.
The worm is severely wounded.
The worm bites you.
* * * LOW HITPOINT WARNING * * *
You hit the worm.
The worm is almost dead.
The worm barely misses you.
You hit the worm.
The worm is almost dead.
You hit the worm but do no damage. You kick the worm, but do no damage.
The worm is almost dead.
The worm bites you!
You die...

#.#..#...>..###.#
#.##.#......###..
#....#......'....
#.#.####.###....#####
.....................
###.####.............
#...<............
########.##########....
#....w@...........'....
#+###....##########....
+....... #....
#....#..# #....
#....#..# ##### ####.#
.# ..# .# ..# #


You could see a worm.

Vanquished Creatures
  3 dart slugs (D:1)
  2 ball pythons (D:1)
  3 endoplasms (D:1)
  2 goblins (D:1)
  3 hobgoblins (D:1)
  4 jackals (D:1)
  4 bats (D:1)
  2 frilled lizards (D:1)
  A kobold (D:1)
  A rat (D:1)
25 creatures vanquished.

Notes
Turn   | Place    | Note
-------+----------+-------------------------------------------
     0 | Abyss:1  | croobank the Demonspawn Abyssal Knight began the quest for
                  | the Orb.
     0 | Abyss:1  | Reached XP level 1. HP: 18/18 MP: 2/2
    57 | Abyss:1  | Noticed a small abomination
    68 | Abyss:1  | Noticed a small abomination
    84 | D:1      | Escaped the Abyss
   353 | D:1      | Reached skill level 1 in Dodging
   369 | D:1      | Discovered your monstrous ancestry.
   369 | D:1      | Gained mutation: You have large cloven feet. [demonic
                  | ancestry]
   369 | D:1      | Reached XP level 2. HP: 11/24 MP: 4/4
   713 | D:1      | Reached * piety under Lugonu
  1081 | D:1      | Noticed a golden eye
  1103 | D:1      | Noticed an eye of devastation
  1114 | D:1      | Found a faded altar of an unknown god.
  1120 | D:1      | Noticed a golden eye
  1120 | D:1      | Noticed a shining eye
  1123 | D:1      | Reached XP level 3. HP: 18/29 MP: 5/5
  1273 | D:1      | Found Raom's Jewellery Shoppe.
  1305 | D:1      | Learned a level 1 spell: Magic Dart
  1799 | D:2      | Slain by a worm

Illustrated notes

Levels and vault maps discovered:
D:1:      dpeg_arrival_long_road, layout_basic,
          hellmonk_ecumenical_altar_watching_god, serial_shops,
          nicolae_diamond_shop, grunt_decor_mini_mirrors, grunt_decor_fettered
D:2:      layout_basic, dk_noncrumbling_3

Skill      XL: |  1  2  3 |
---------------+----------+-----
Dodging        | 1 |  1.4
Axes           | 2 |  2.1
Armour         | 2 |  2.1
Invocations    | 3 |  3.0
Fighting       | |  3.2

Action                   || total
-------------------------++-------
Melee: Hand axe          ||    78
       Kick              ||    10
Invok: Depart the Abyss  ||     1
  Use: Scroll            ||     1
Armor: Leather armour    ||    31
Dodge: Dodged            ||    70

Table legend: (Time is in decaauts)
 A = Elapsed time spent in this place.
 B = Non-inter-level travel time spent in this place.
 C = Inter-level travel time spent in this place.
 D = Time resting spent in this place.
 E = Time spent auto-exploring this place.
 F = Levels seen in this place.
 G = Mean time per level.
                   A        B        C        D        E       F      G
               +--------+--------+--------+--------+--------+-----+--------+
         Total |   1814 |   1787 |     27 |    555 |    888 |   3 |  604.7 |
       Dungeon |   1730 |   1703 |     27 |    555 |    888 |   2 |  865.0 |
         Abyss |     84 |     84 |      0 |      0 |      0 |   1 |   84.0 |
               +--------+--------+--------+--------+--------+-----+--------+

Top non-repeatable levels by time:
     D:1: 1654 daAuts
 Abyss:1: 84 daAuts
     D:2: 75 daAuts
